Map: Cosmic Sapphire

Players

Nerosus

  • Race: Zerg Zerg
  • Spawn Location: 5:00

Creator - Winner!

  • Race: Protoss Protoss
  • Spawn Location: 11:00

Event: DreamHack SC2 Masters 2022 Atlanta (Offline)

VOD

Have the link to the VOD?

Description

Time

  • Played on: Nov. 18, 2022, 9:44 a.m.
  • Length: 6:49

All games in this series

Show
View Real Time Build Order
Export as new Build Order

Nerosus Zerg 

Build Orders: Hatch First 

Get SALT Encoding   

  12  0:00  Drone  
  13  0:13  Overlord  
  13  0:17  Drone  
  14  0:31  Drone x2  
  16  0:49  Drone  
  17  0:54  Drone  
  17  0:57  Hatchery  
  17  0:58  Drone  
  18  1:08  Drone  
  18  1:09  Extractor  
  18  1:16  Spawning Pool  
  17  1:21  Drone  
  18  1:33  Drone  
  19  1:48  Drone  
  20  1:55  Overlord  
  20  2:05  Queen  
  22  2:08  Queen  
  22  2:09  Zergling x4  
  26  2:19  Drone x2  
  26  2:22  Metabolic Boost  
  28  2:26  Zergling x2  
  29  2:30  Zergling x2  
  30  2:40  Hatchery  
  29  2:47  Drone x2  
  29  2:48  Drone  
  32  2:57  Drone  
  32  3:10  Drone  
  32  3:20  Queen  
  32  3:24  Overlord x2  
  34  3:27  Queen  
  35  3:36  Drone, Roach Warren  
  35  3:39  Overlord  
  35  3:44  Drone x3  
  35  3:46  Drone  
  35  3:48  Drone  
  40  3:51  Drone  
  39  3:57  Drone  
  39  3:58  Drone  
  37  4:07  Drone x2  
  37  4:08  Drone  
  40  4:13  Drone x2  
  40  4:14  Drone  
  43  4:18  Drone  
  43  4:19  Drone  
  45  4:25  Drone  
  46  4:31  Drone  
  46  4:32  Drone x4  
  46  4:36  Drone x3  
  54  4:41  Zergling x2  
  54  4:42  Zergling x4  
  57  4:47  Spore Crawler  
  57  4:50  Spore Crawler, Drone  
  57  4:51  Drone  
  57  4:53  Overlord  
  57  4:57  Lair  
  51  5:07  Drone  
  51  5:08  Drone x5  
  57  5:15  Drone x4, Evolution Chamber  
  57  5:16  Drone  
  61  5:24  Drone x3  
  64  5:28  Extractor  
  64  5:29  Extractor  
  61  5:39  Drone x6  
  65  5:53  Overlord x2  
  65  5:58  Overlord x2  
  65  6:00  Overseer  
  65  6:04  Hatchery  
  65  6:11  Overlord x3  
  64  6:19  Drone x5  
  64  6:21  Zergling x2, Baneling Nest  
  64  6:22  Zergling x4  
Show
View Real Time Build Order
Export as new Build Order

Creator Protoss - Winner!

Build Orders: 1 Gate Expand, Oracle Opening 

Get SALT Encoding   

  12  0:00  Probe  
  13  0:13  Pylon  
  13  0:17  Probe (Chrono Boost)  
  14  0:27  Probe (Chrono Boost)  
  15  0:31  Probe (Chrono Boost)  
  16  0:39  Gateway  
  16  0:43  Probe  
  16  0:48  Assimilator  
  17  0:55  Probe  
  18  1:08  Probe  
  19  1:20  Probe  
  20  1:27  Nexus  
  20  1:35  Cybernetics Core  
  20  1:37  Probe  
  21  1:42  Assimilator  
  21  1:49  Probe  
  21  1:53  Pylon  
  22  2:01  Probe  
  23  2:08  Adept (Chrono Boost)  
  23  2:13  Probe  
  26  2:16  Stargate  
  26  2:25  Warp Gate, Probe  
  26  2:28  Adept (Chrono Boost)  
  29  2:39  Probe (Chrono Boost)  
  29  2:40  Probe (Chrono Boost)  
  33  2:51  Adept, Probe (Chrono Boost)  
  33  2:55  Probe (Chrono Boost)  
  33  2:57  Probe (Chrono Boost)  
  35  3:00  Oracle (Chrono Boost)  
  39  3:09  Probe  
  39  3:10  Probe  
  41  3:16  Pylon  
  41  3:21  Gateway, Probe  
  41  3:22  Probe  
  47  3:34  Probe  
  47  3:35  Probe  
  47  3:37  Void Ray (Chrono Boost)  
  49  3:44  Pylon  
  49  3:47  Probe x2  
  51  3:50  Assimilator  
  51  3:52  Assimilator  
  51  3:58  Pylon  
  51  3:59  Probe x2  
  53  4:05  Oracle (Chrono Boost)  
  56  4:11  Probe x2  
  58  4:23  Probe  
  59  4:24  Probe  
  59  4:26  Nexus  
  59  4:28  Pylon  
  60  4:34  Oracle  
  60  4:36  Robotics Facility  
  63  4:42  Probe x2  
  65  4:47  Gateway  
  65  4:49  Pylon  
  65  4:53  Sentry x2  
  65  4:54  Probe  
  65  4:55  Probe  
  71  5:07  Probe x2  
  72  5:13  Gateway x2  
  73  5:16  Gateway  
  73  5:19  Probe x2  
  75  5:21  Immortal (Chrono Boost)  
  75  5:26  Sentry x2  
  83  5:32  Gateway  
  83  5:38  Gateway  
  83  5:42  Probe x3  
  86  5:51  Warp Prism (Chrono Boost)  
  86  5:52  Shield Battery  
  86  5:55  Pylon  
  88  5:59  Probe x3  
  91  6:07  Stalker  
  91  6:08  Stalker x2  
  97  6:13  Observer (Chrono Boost)  
  97  6:14  Zealot, Stalker  
  97  6:15  Probe  
  97  6:16  Probe x2  
  105  6:31  Stalker x2  
  109  6:33  Pylon  
  109  6:35  Pylon x2  
Tags
 
Add a new tag
Caveats
  • Supply blocks, unpowered buildings, or Contaminate may cause inaccurate times.
  • Supply counts are checked every 10 seconds.